Celery, chaotic female sylph Rogue -------------- -------- |.[[[[)[[[[[)| #.......| |[[@[[dm..)[[| #|......-############## |......E....[| #.......| ## ----|--------- ---------- #|......-### ---------# # |........| #-------- # |.......|### ### |.........# ### ###|.<...{.| # # |........|# # # #-*......-####### ## -----....|# # # --------- # # -----------.- |....|# # # `###+....>......| |....|### ### # |...........| ------ # -----# ##....{.......| ###|....# ------------- #-...| |....##### ---.- # Celery the Cutpurse Experience level: 4 Strength: 16 Dexterity: 17 Constitution: 11 Intelligence: 12 Wisdom: 11 Charisma: 8 Health: 0(36) Energy: 12(12) Def: 0 Gold: 0 Moves: 1526 Dungeon seed: LVFkd5BG3X178jtH Game ID: Celery_1470671947 Your Inventory: Weapons b - 9 uncursed +0 daggers (wielded) P - 9 uncursed +0 darts Armor q - an uncursed +0 pair of jumping boots r - an uncursed +0 pair of gauntlets of power Comestibles v - an uncursed food ration Scrolls k - an uncursed scroll of fire w - an uncursed scroll of magic mapping Q - an uncursed scroll of scare monster Potions c - an uncursed potion of sickness i - an uncursed potion of gain energy j - an uncursed potion of healing Rings K - an uncursed ring of poison resistance Wands h - an uncursed wand of opening (0:3) F - an uncursed wand of enlightenment (0:12) Tools d - an uncursed lock pick f - an uncursed sack g - an uncursed blindfold Gems n - an uncursed worthless piece of yellow glass Spells and supernatural/magical abilities: Name Level Category Fail Memory W - pray for help -- divine ? -- Your skills at the end: Miscellaneous Skills wands [Basic] Weapon Skills dagger [Basic] short sword [Basic] Spellcasting Skills healing spells [Basic] Final Attributes: You were piously aligned. You saw invisible. You were stealthy. You were held by a giant mimic. You were protected from shape changers. You are dead. Vanquished creatures: 2 small mimics a giant bat a gas spore a large kobold a gecko 5 jackals 4 newts 3 sewer rats 2 lichens a kobold zombie 21 creatures vanquished. Voluntary challenges: You followed a strict vegan diet. You were an atheist. You used a wielded weapon 26 times, starting on turn 247. You did not use containers. You did not apply a unicorn horn. You read items or engraved 1 time, starting on turn 827. You never genocided any monsters. You never polymorphed an object. You never changed form. You used no wishes. You never split a pudding. You never wrote Elbereth's name. You never violated your personal moral code. Dungeon overview: The Dungeons of Doom: levels 1 to 4 Level 1 a long staircase Level 2 a long staircase Level 3 some fountains Level 4 <- You were here an armor shop, some fountains History has recorded: On T:1 you entered the Dungeons of Doom to retrieve the Amulet of Yendor! On T:431 you reached level 2 of The Dungeons of Doom. On T:824 you reached level 3 of The Dungeons of Doom. On T:1159 you advanced to experience level 2. On T:1198 you reached level 4 of The Dungeons of Doom. On T:1407 you advanced to experience level 3. On T:1450 you advanced to experience level 4. Score breakdown: Gold: 0 ( 0 points) Experience: 4 levels ( 300 points) Exploration: 4 levels ( 90 points) Discoveries: 2 items ( 100 points) Variety of kills: 10 monsters ( 500 points) Major goal: (nothing yet) ( 0 points) Survival: died (score multiplied by 3) Total score: 2970 Latest messages: You don't have that object. Never mind. You see here a scale mail (60 zorkmids). You see here a chain mail (100 zorkmids). You see here a splint mail (106 zorkmids). You see here a ring mail (133 zorkmids). You see here a splint mail (106 zorkmids). You see here a ring mail (133 zorkmids). You see here a splint mail (106 zorkmids). There are a few objects here. You see here a chain mail (100 zorkmids). You see here a scale mail (60 zorkmids). You begin bashing monsters with your bare hands. You punch the giant mimic. The giant mimic claws you! (2x) You cannot escape from the giant mimic! You are now wielding your daggers. You stab the giant mimic. (2x) The giant mimic claws you! (2x) You die... Pervari comes and takes all your possessions. Final status: Goodbye Celery the Rogue, killed by a giant mimic... You died in The Dungeons of Doom on dungeon level 4 with 2970 points, and 0 pieces of gold, after 1526 moves. You were level 4 with a maximum of 36 hit points when you died.